 Dungeon Crawl Stone Soup version 0.19.4 (webtiles) character file.

173 Jerry the Skirmisher (level 5, -5/57 HPs)
             Began as an Ogre Fighter on Feb 2, 2017.
             Killed by divine providence
             ... invoked by an orc priest
              (13 damage)
             ... on level 3 of the Dungeon.
             The game lasted 00:06:25 (2581 turns).

Jerry the Skirmisher (Ogre Fighter)                 Turns: 2581, Time: 00:06:25

Health: -5/57      AC:  5    Str: 22    XL:     5   Next: 53%
Magic:  5/5        EV:  8    Int:  7    God:
Gold:   140        SH:  9    Dex:  9    Spells: 0 memorised, 4 levels left

rFire  . . .     SeeInvis .     a - +0 flail
rCold  . . .     Gourm    .     b - +0 robe
rNeg   . . .     Faith    .     c - +0 shield
rPois  .         Spirit   .     g - +2 hat
rElec  .         Reflect  .     (no cloak)
rCorr  .         Harm     .     (gloves unavailable)
MR     .....                    (boots unavailable)
Stlth  +.........               (no amulet)
                                (no ring)
                                (no ring)

@: no status effects
A: unfitting armour, tough skin 1
a: no special abilities


You were on level 3 of the Dungeon.
You were hungry.

You visited 1 branch of the dungeon, and saw 3 of its levels.

You collected 140 gold pieces.

Inventory:

Hand Weapons
 a - a +0 flail (weapon)
 i - a +3 hunting sling
Missiles
 p - 15 sling bullets
Armour
 b - a +0 robe (worn)
 c - a +0 shield (worn)
 g - a +2 hat (worn)
Wands
 s - a wand of slowing (39/48)
Scrolls
 e - 3 scrolls of identify {unknown}
 j - a scroll of enchant weapon {unknown}
 l - 2 scrolls of amnesia {unknown}
 m - a scroll of fog {unknown}
 r - 2 scrolls of remove curse {unknown}
Potions
 d - a potion of might
 n - a potion of brilliance {unknown}
Books
 o - a book of Cantrips

   Spells                             Type                      Level
   a - Confusing Touch                Hexes                        1
   b - Animate Skeleton               Necromancy                   1
   c - Summon Small Mammal            Summoning                    1
   d - Apportation                    Translocation                1
Comestibles
 f - a bread ration
 h - a slice of pizza
 k - a meat ration


   Skills:
 + Level 5.4 Fighting
 + Level 4.9 Maces & Flails
 - Level 2.6 Dodging
 + Level 3.9 Shields


You had 4 spell levels left.
You didn't know any spells.

Dungeon Overview and Level Annotations

Branches:
Dungeon (3/15)

Altars:
Kikubaaqudgha
Trog


Innate Abilities, Weirdness & Mutations

You are too large for most types of armour.
You have tough skin. (AC +1)


Message History

The orc barely misses you.
You thump the orc!
You kill the orc!
The orc priest mumbles some strange prayers to Beogh against you.
Beogh smites you!
* * * LOW HITPOINT WARNING * * *
The orc priest hits you.
* * * LOW HITPOINT WARNING * * *
Items here: ! ))) [[ † You barely miss the orc priest.
The orc priest hits you but does no damage.
You closely miss the orc priest.
The orc priest hits you but does no damage.
You block the orc priest's attack.
You closely miss the orc priest. You block the orc priest's attack.
You hit the orc priest.
The orc priest is moderately wounded.
The orc priest invokes the aid of Beogh against you.
Beogh smites you!
You die...

## ##.########
##....o@...#########
#.....####.........#
...#....####..######.#
#...............# #.#
####.#o####..##.###.#
#.#.# #.........#
#'#o# #..##.###.# .
...............# o
..#####.#..###.#


You could see an orc priest.

Vanquished Creatures
  An orc priest (D:3)
  2 orc wizards (D:3)
  An adder (D:3)
  An ooze (D:2)
  A worm (D:3)
  2 leopard geckos (D:3)
  5 orcs (D:3)
  6 bats
  3 giant cockroaches (D:2)
  7 goblins
  8 hobgoblins
  8 jackals
  A quokka (D:2)
  5 frilled lizards
  5 kobolds
  8 rats
64 creatures vanquished.

Notes
Turn   | Place    | Note
-------+----------+-------------------------------------------
     0 | D:1      | Jerry the Ogre Fighter began the quest for the Orb.
     0 | D:1      | Reached XP level 1. HP: 24/24 MP: 1/1
   136 | D:1      | Reached XP level 2. HP: 32/32 MP: 2/2
   551 | D:1      | Reached XP level 3. HP: 35/39 MP: 3/3
  1291 | D:2      | Found a bloodstained altar of Trog.
  1719 | D:3      | Found an ancient bone altar of Kikubaaqudgha.
  1785 | D:3      | Reached XP level 4. HP: 38/49 MP: 4/4
  2289 | D:3      | Reached skill level 5 in Fighting
  2294 | D:3      | Reached XP level 5. HP: 24/57 MP: 5/5
  2581 | D:3      | Killed from afar by an orc priest

Skill      XL: |  1  2  3  4 |
---------------+-------------+-----
Shields        | 3 |  3.9
Maces & Flails | 3 4 |  4.9
Fighting       | 5 |  5.4
Dodging        | |  2.6

Action                   |  1- 3 |  4- 6 || total
-------------------------+-------+-------++-------
Melee: Flail             |   145 |    87 ||   232
 Fire: Hunting sling     |     6 |       ||     6
  Eat: Chunk             |     3 |     2 ||     5
Armor: Robe              |    58 |    20 ||    78
Dodge: Dodged            |    51 |    20 ||    71
Block: Shield            |    88 |    28 ||   116
